[ AOE2 MATCH · #495825041 ]
UnrankedLithuanians vs Ethiopians
[ REPLAY ANALYSIS · EXTRACTED FROM THE RECORDED GAME ]
Feudal
8:00
Castle
23:01
Imperial
37:43
| APM avg | 122.1 |
| APM peak | 196 |
| eAPM avg | 70.7 |
| Villagers / military | 206 / 102 |
Focus
⚔️ 72.9% · 🌾 27.1%
Skirmisher ×68 · Cavalry Archer ×8 · Monk ×6 · Scout Cavalry ×6 · Knight ×4 · Spearman ×4
Feudal
10:38
Castle
23:45
Imperial
37:17
| APM avg | 74.2 |
| APM peak | 129 |
| eAPM avg | 29.7 |
| Villagers / military | 141 / 98 |
Focus
⚔️ 42.1% · 🌾 57.9%
Archer ×63 · Militia ×8 · Knight ×6 · Scout Cavalry ×6 · Monk ×4 · Trebuchet (Packed) ×4
Match map
Initial resources + every placement click. Lines = walls · curves = elevation contours. ◆ gold · ⬟ stone · ● berries · ✦ relic · ◌ wall gap
Your base· Open — 8t gap
Macluffy's base· Open — unwalled flank
Smoothed initial terrain · ◌ = detected wall gap · hover for details
Inputs per minute
— alphaa - - Macluffy
Build order — alphaa
First 150 of 494 actions detected
| 0:00 | Queue | Villager (Male) |
| 0:00 | Queue | Villager (Male) |
| 0:01 | Build | House |
| 0:02 | Build | House |
| 0:07 | Queue | Villager (Male) |
| 0:15 | Queue | Villager (Male) |
| 0:18 | Queue | Villager (Male) |
| 0:31 | Queue | Villager (Male) |
| 1:25 | Queue | Villager (Male) |
| 1:57 | Queue | Villager (Male) |
| 2:01 | Queue | Villager (Male) |
| 2:13 | Build | Mill |
| 2:47 | Queue | Villager (Male) |
| 3:02 | Queue | Villager (Male) |
| 3:36 | Queue | Villager (Male) |
| 3:39 | Build | House |
| 3:40 | Queue | Villager (Male) |
| 3:50 | Queue | Villager (Male) |
| 3:52 | Queue | Villager (Male) |
| 4:34 | Queue | Villager (Male) |
| 4:37 | Queue | Villager (Male) |
| 5:03 | Build | Lumber Camp |
| 5:08 | Queue | Villager (Male) |
| 5:15 | Queue | Villager (Male) |
| 5:50 | Research | Feudal Age |
| 5:50 | Research | Feudal Age |
| 6:47 | Build | Palisade Wall |
| 6:47 | Build | Palisade Wall |
| 6:50 | Queue | Villager (Male) |
| 7:17 | Build | Barracks |
| 8:00 | Age | Feudal Age |
| 8:03 | Queue | Villager (Male) |
| 8:07 | Build | House |
| 8:09 | Research | Loom |
| 8:11 | Queue | Villager (Male) |
| 8:11 | Queue | Villager (Male) |
| 8:13 | Build | House |
| 8:19 | Queue | Villager (Male) |
| 8:25 | Queue | Villager (Male) |
| 8:28 | Build | Stable |
| 8:29 | Queue | Villager (Male) |
| 8:37 | Queue | Villager (Male) |
| 8:43 | Queue | Villager (Male) |
| 8:51 | Build | Palisade Wall |
| 8:52 | Build | Palisade Wall |
| 8:52 | Queue | Villager (Male) |
| 8:55 | Build | Palisade Wall |
| 9:13 | Queue | Spearman |
| 9:14 | Queue | Villager (Male) |
| 9:14 | Research | Double-Bit Axe |
| 9:15 | Research | Double-Bit Axe |
| 9:15 | Queue | Villager (Male) |
| 9:17 | Queue | Scout Cavalry |
| 9:43 | Queue | Villager (Male) |
| 9:45 | Build | House |
| 9:45 | Queue | Villager (Male) |
| 10:02 | Queue | Scout Cavalry |
| 10:04 | Queue | Villager (Male) |
| 10:11 | Build | Mill |
| 10:18 | Queue | Villager (Male) |
| 10:46 | Queue | Villager (Male) |
| 10:53 | Queue | Scout Cavalry |
| 10:54 | Queue | Villager (Male) |
| 11:01 | Build | Farm |
| 11:02 | Build | Farm |
| 11:15 | Queue | Villager (Male) |
| 11:20 | Queue | Villager (Male) |
| 11:20 | Queue | Villager (Male) |
| 11:24 | Build | Farm |
| 11:28 | Build | House |
| 11:33 | Queue | Villager (Male) |
| 11:47 | Queue | Villager (Male) |
| 11:51 | Queue | Scout Cavalry |
| 11:55 | Build | Archery Range |
| 12:28 | Queue | Scout Cavalry |
| 12:28 | Queue | Scout Cavalry |
| 12:39 | Build | Farm |
| 12:44 | Queue | Villager (Male) |
| 12:47 | Build | Farm |
| 12:54 | Build | House |
| 13:08 | Build | Farm |
| 13:10 | Queue | Villager (Male) |
| 13:13 | Build | Farm |
| 13:15 | Build | Farm |
| 13:19 | Queue | Skirmisher |
| 13:44 | Queue | Villager (Male) |
| 13:49 | Queue | Villager (Male) |
| 13:50 | Queue | Skirmisher |
| 14:04 | Build | Farm |
| 14:09 | Queue | Villager (Male) |
| 14:12 | Build | Blacksmith |
| 14:18 | Queue | Villager (Male) |
| 14:20 | Build | Farm |
| 14:20 | Queue | Skirmisher |
| 14:27 | Build | Blacksmith |
| 14:31 | Queue | Skirmisher |
| 14:39 | Queue | Skirmisher |
| 14:44 | Build | Watch Tower |
| 14:50 | Queue | Skirmisher |
| 15:03 | Queue | Skirmisher |
| 15:09 | Research | Fletching |
| 15:09 | Research | Fletching |
| 15:15 | Queue | Villager (Male) |
| 15:18 | Build | House |
| 15:23 | Build | House |
| 15:24 | Queue | Skirmisher |
| 15:28 | Build | Palisade Wall |
| 15:29 | Build | Palisade Wall |
| 15:33 | Queue | Skirmisher |
| 15:38 | Build | Farm |
| 15:40 | Queue | Villager (Male) |
| 15:40 | Queue | Villager (Male) |
| 15:56 | Queue | Villager (Male) |
| 15:58 | Build | Farm |
| 16:09 | Queue | Skirmisher |
| 16:22 | Queue | Skirmisher |
| 16:23 | Queue | Villager (Male) |
| 16:27 | Queue | Villager (Male) |
| 16:31 | Queue | Villager (Male) |
| 16:50 | Queue | Villager (Male) |
| 16:50 | Queue | Villager (Male) |
| 16:53 | Build | Lumber Camp |
| 17:08 | Queue | Villager (Male) |
| 17:10 | Build | Mining Camp |
| 17:11 | Queue | Villager (Male) |
| 17:15 | Queue | Villager (Male) |
| 17:15 | Queue | Villager (Male) |
| 17:23 | Queue | Villager (Male) |
| 17:26 | Queue | Villager (Male) |
| 17:43 | Queue | Skirmisher |
| 17:48 | Queue | Villager (Male) |
| 18:01 | Queue | Villager (Male) |
| 18:02 | Build | Farm |
| 18:03 | Queue | Villager (Male) |
| 18:18 | Research | Padded Archer Armor |
| 18:18 | Research | Padded Archer Armor |
| 18:28 | Queue | Skirmisher |
| 18:38 | Queue | Villager (Male) |
| 18:40 | Build | Farm |
| 18:41 | Build | House |
| 18:42 | Queue | Skirmisher |
| 19:06 | Queue | Villager (Male) |
| 19:08 | Build | House |
| 19:15 | Queue | Villager (Male) |
| 19:15 | Queue | Villager (Male) |
| 19:19 | Queue | Villager (Male) |
| 19:20 | Build | Lumber Camp |
| 19:49 | Queue | Spearman |
| 19:51 | Queue | Villager (Male) |
| 19:52 | Queue | Villager (Male) |
Build order — Macluffy
First 150 of 388 actions detected
| 0:02 | Queue | Villager (Male) |
| 0:02 | Queue | Villager (Male) |
| 0:03 | Build | House |
| 0:04 | Build | House |
| 0:06 | Queue | Villager (Male) |
| 0:07 | Queue | Villager (Male) |
| 1:27 | Build | Lumber Camp |
| 1:27 | Queue | Villager (Male) |
| 2:04 | Queue | Villager (Male) |
| 2:05 | Queue | Villager (Male) |
| 2:20 | Queue | Villager (Male) |
| 2:52 | Queue | Villager (Male) |
| 2:52 | Queue | Villager (Male) |
| 3:12 | Queue | Villager (Male) |
| 3:12 | Queue | Villager (Male) |
| 3:46 | Queue | Villager (Male) |
| 3:51 | Build | House |
| 4:04 | Queue | Villager (Male) |
| 4:04 | Queue | Villager (Male) |
| 4:24 | Queue | Villager (Male) |
| 4:30 | Build | Barracks |
| 4:52 | Queue | Villager (Male) |
| 5:02 | Build | House |
| 5:18 | Queue | Villager (Male) |
| 5:24 | Queue | Militia |
| 5:24 | Queue | Militia |
| 5:48 | Build | Palisade Wall |
| 5:50 | Queue | Villager (Male) |
| 6:03 | Build | Mill |
| 6:07 | Queue | Militia |
| 6:17 | Queue | Villager (Male) |
| 6:29 | Queue | Villager (Male) |
| 6:41 | Build | House |
| 6:44 | Build | Palisade Wall |
| 6:48 | Build | Palisade Wall |
| 6:58 | Queue | Villager (Male) |
| 7:25 | Research | Loom |
| 7:27 | Queue | Villager (Male) |
| 7:39 | Build | Palisade Gate |
| 7:41 | Build | Palisade Gate |
| 8:09 | Build | House |
| 8:28 | Research | Feudal Age |
| 9:01 | Build | Mill |
| 9:04 | Build | Mill |
| 9:09 | Build | Palisade Wall |
| 9:36 | Queue | Villager (Male) |
| 9:59 | Build | Mining Camp |
| 10:10 | Queue | Militia |
| 10:11 | Queue | Militia |
| 10:18 | Build | Farm |
| 10:28 | Queue | Villager (Male) |
| 10:38 | Age | Feudal Age |
| 10:44 | Queue | Militia |
| 10:44 | Queue | Militia |
| 10:49 | Queue | Villager (Male) |
| 10:52 | Build | Archery Range |
| 11:19 | Queue | Militia |
| 11:25 | Queue | Villager (Male) |
| 11:32 | Build | Farm |
| 11:34 | Build | Farm |
| 11:41 | Build | House |
| 11:42 | Queue | Villager (Male) |
| 11:46 | Queue | Archer |
| 11:55 | Build | Palisade Wall |
| 11:58 | Build | Palisade Wall |
| 12:07 | Queue | Archer |
| 12:22 | Build | House |
| 12:22 | Queue | Archer |
| 12:44 | Research | Man-at-Arms (upgrade) |
| 12:44 | Research | Man-at-Arms (upgrade) |
| 12:49 | Queue | Villager (Male) |
| 12:57 | Build | Farm |
| 12:58 | Build | House |
| 13:03 | Queue | Spearman |
| 13:15 | Build | Farm |
| 13:19 | Research | Double-Bit Axe |
| 13:19 | Research | Double-Bit Axe |
| 13:21 | Queue | Villager (Male) |
| 13:25 | Build | Palisade Wall |
| 13:44 | Build | Farm |
| 13:50 | Queue | Archer |
| 13:50 | Queue | Villager (Male) |
| 13:53 | Build | Farm |
| 14:21 | Queue | Archer |
| 14:22 | Queue | Villager (Male) |
| 14:35 | Queue | Archer |
| 14:46 | Queue | Villager (Male) |
| 15:03 | Queue | Archer |
| 15:09 | Build | Blacksmith |
| 15:17 | Queue | Villager (Male) |
| 15:19 | Build | Farm |
| 15:40 | Queue | Villager (Male) |
| 15:41 | Build | Farm |
| 15:44 | Queue | Archer |
| 15:52 | Queue | Spearman |
| 16:08 | Queue | Villager (Male) |
| 16:18 | Research | Fletching |
| 16:18 | Research | Fletching |
| 16:29 | Queue | Villager (Male) |
| 16:32 | Build | Stable |
| 16:34 | Build | Farm |
| 16:51 | Queue | Archer |
| 16:51 | Queue | Villager (Male) |
| 16:53 | Build | Farm |
| 17:10 | Build | House |
| 17:12 | Build | House |
| 17:26 | Build | House |
| 17:31 | Queue | Scout Cavalry |
| 17:32 | Queue | Villager (Male) |
| 17:42 | Build | Farm |
| 17:43 | Build | Farm |
| 17:43 | Queue | Villager (Male) |
| 17:50 | Build | House |
| 18:01 | Queue | Scout Cavalry |
| 18:02 | Queue | Villager (Male) |
| 18:19 | Queue | Scout Cavalry |
| 18:20 | Queue | Archer |
| 18:20 | Queue | Villager (Male) |
| 18:38 | Queue | Archer |
| 18:51 | Queue | Scout Cavalry |
| 19:00 | Queue | Archer |
| 19:10 | Build | Farm |
| 19:10 | Build | Farm |
| 19:21 | Build | Market |
| 19:37 | Queue | Archer |
| 19:41 | Queue | Archer |
| 19:49 | Queue | Scout Cavalry |
| 19:50 | Queue | Archer |
| 19:51 | Queue | Villager (Male) |
| 20:09 | Queue | Villager (Male) |
| 20:25 | Queue | Villager (Male) |
| 21:05 | Research | Castle Age |
| 21:05 | Research | Castle Age |
| 21:08 | Build | House |
| 21:11 | Build | Lumber Camp |
| 21:14 | Queue | Villager (Male) |
| 21:22 | Queue | Villager (Male) |
| 21:41 | Queue | Archer |
| 21:51 | Build | House |
| 22:07 | Queue | Scout Cavalry |
| 22:08 | Queue | Archer |
| 22:11 | Research | Horse Collar |
| 22:11 | Research | Horse Collar |
| 22:25 | Queue | Archer |
| 22:28 | Build | House |
| 22:55 | Queue | Villager (Male) |
| 23:16 | Queue | Archer |
| 23:17 | Queue | Villager (Male) |
| 23:19 | Build | Archery Range |
| 23:29 | Queue | Archer |
Match timeline
| 4:30 | Macluffy · first_building Barracks |
| 5:48 | Macluffy · wall_segment Palisade Wall x1 |
| 6:44 | Macluffy · wall_segment Palisade Wall x1 |
| 6:47 | alphaa · wall_segment Palisade Wall x1 |
| 6:47 | alphaa · wall_segment Palisade Wall x1 |
| 6:48 | Macluffy · wall_segment Palisade Wall x5 |
| 7:17 | alphaa · first_building Barracks |
| 8:00 | alphaa · age_up feudal |
| 8:28 | alphaa · first_building Stable |
| 8:51 | alphaa · wall_segment Palisade Wall x1 |
| 8:52 | alphaa · wall_segment Palisade Wall x1 |
| 8:55 | alphaa · wall_segment Palisade Wall x6 |
| 9:09 | Macluffy · wall_segment Palisade Wall x6 |
| 10:38 | Macluffy · age_up feudal |
| 10:52 | Macluffy · first_building Archery Range |
| 11:55 | alphaa · first_building Archery Range |
| 11:55 | Macluffy · wall_segment Palisade Wall x1 |
| 11:58 | Macluffy · wall_segment Palisade Wall x1 |
| 13:25 | Macluffy · wall_segment Palisade Wall x1 |
| 15:28 | alphaa · wall_segment Palisade Wall x1 |
| 15:29 | alphaa · wall_segment Palisade Wall x1 |
| 16:32 | Macluffy · first_building Stable |
| 20:53 | Macluffy · first_market_sell 100 stone |
| 20:54 | Macluffy · first_market_buy 100 food |
| 23:01 | alphaa · age_up castle |
| 23:24 | alphaa · first_market_buy 100 stone |
| 23:45 | Macluffy · age_up castle |
| 23:55 | Macluffy · first_building Monastery |
| 25:24 | alphaa · first_building Monastery |
| 30:37 | Macluffy · first_building Siege Workshop |
| 33:19 | alphaa · first_building Siege Workshop |
| 34:19 | alphaa · first_market_sell 100 wood |
| 35:55 | Macluffy · first_building Castle |
| 36:29 | alphaa · first_building Castle |
| 37:17 | Macluffy · age_up imperial |
| 37:43 | alphaa · age_up imperial |
| 41:08 | alphaa · resign |
[ AI ANALYSIS · 1 CREDIT ]
What really happened in this match?
Wolo.gg analyzes every decision: build order, eco, micro, common mistakes by bracket. Personalized analysis on WhatsApp or Discord in 30 seconds.
Civ guide
Lithuanians
Perfil
Jugador #1215099